 Dungeon Crawl Stone Soup version 0.31-a0-210-gccc998df9b (webtiles) character file.

Game seed: 2473226349109281338

389 qw the Chopper (level 6, -7/38 HPs)
             Began as a Gargoyle Fighter on June 29, 2023.
             Mangled by an ogre
             ... wielding a +0 giant spiked club
              (9 damage)
             ... on level 4 of the Dungeon.
             The game lasted 00:01:23 (2615 turns).

qw the Chopper (Gargoyle Fighter)                   Turns: 2615, Time: 00:01:23

Health: -7/38      AC: 19    Str: 21    XL:     6   Next: 79%
Magic:  0/6        EV:  5    Int:  9    God:
Gold:   194        SH:  4    Dex:  9    Spells: 5/5 levels left

rFire   + . .        Y - +0 war axe
rCold   + . .        c - +0 buckler
rNeg    + . .        a - +0 plate armour
rPois   inf          (no helmet)
rElec   +            o - scarf {rC+ rF+}
rCorr   .            f - +2 pair of gloves {hurl}
SInv    .            (no boots)
Will    +....        l - amulet of guardian spirit Stlth
                     h - ring of willpower
HPRegen 0.26/turn    (no ring)
MPRegen 0.10/turn

%: guardian spirit
@: no status effects
A: sickness immunity, AC +4, negative energy resistance 1, electricity
resistance, torment resistance 1, petrification resistance
a: no special abilities


You were on level 4 of the Dungeon.
You visited 1 branch of the dungeon, and saw 4 of its levels.

You collected 194 gold pieces.


Innate Abilities, Weirdness & Mutations

You are immune to sickness and miasma.
Your stone body is resilient. (AC +4)
You are immune to poison.
You resist negative energy. (rN+)
You are resistant to electric shocks. (rElec)
You are resistant to unholy torment.
You are immune to petrification.


   Skills:
 - Level 4.0 Fighting
 - Level 6.1 Axes
 + Level 3.3 Armour
 - Level 0.1 Dodging
 - Level 3.2 Shields


You had 5 spell levels left.
You didn't know any spells.
Your spell library was empty.

Inventory:

Hand Weapons
 j - a +0 flail
 Y - a +0 war axe (weapon)
Armour
 a - a +0 plate armour (worn)
 b - a +1 pair of gloves
 c - a +0 buckler (worn)
 f - a +2 pair of gloves of hurling (worn)
 k - a +1 cloak
 o - a scarf of resistance (worn)
Jewellery
 g - a ring of fire
 h - a ring of willpower (left hand)
 l - an amulet of guardian spirit (around neck)
Scrolls
 e - 2 scrolls of identify
Potions
 d - 3 potions of might
 i - a potion of lignification
 m - 2 potions of attraction {unknown}

Dungeon Overview and Level Annotations

Branches:
Dungeon (4/15)
 Temple: D:4-7

Altars:


Message History

There is an open door here.
Found a stone staircase leading up.
Enter note:
Enter note:
Found 7 stones.
You now have 194 gold pieces (gained 14).
Enter note:
Enter note: An ogre and a goblin come into view.
Found a potion of might and 7 gold pieces.
The goblin shouts!
You hear an angry hiss.
A ball python comes into view.
The ball python hisses angrily.
You slash the goblin!
You kill the goblin!
You hit the ogre.
The ogre is lightly wounded.
The ogre hits you with a +0 giant spiked club!!
Ouch! That really hurt!
You hit the ogre.
The ogre is lightly wounded.
The ogre closely misses you.
You hit the ogre.
The ogre is moderately wounded.
The ogre hits you with a +0 giant spiked club!
You barely miss the ogre.
The ogre is moderately wounded.
The ogre hits you with a +0 giant spiked club.
You closely miss the ogre.
The ogre is moderately wounded.
The ogre barely misses you.
You completely miss the ogre.
The ogre is moderately wounded.
You barely miss the ogre.
The ogre is moderately wounded.
The ogre hits you but does no damage.
You hit the ogre.
The ogre is moderately wounded.
The ogre hits you with a +0 giant spiked club!
You die...

...................#
...................#
..%...######'#.....#
......# #.#.###.#
###...# #.#.###.#
#...# #.#.#(.. #...#
#.#.#.# #####
#.#...# ..#..@#
..#+#O# .S# ..<#
...## .!.. ...$.
......


You could see an ogre and a ball python.

Vanquished Creatures
  2 scorpions (D:4)
  A jelly (D:4)
  Natasha (twice) (D:2)
  An iguana (D:4)
  An orc wizard (D:3)
  3 gnolls (D:3)
  5 adders
  A worm (D:3)
  A dart slug (D:2)
  3 orcs (D:3)
  5 ball pythons
  9 endoplasms
  A giant cockroach (D:2)
  4 goblins
  4 hobgoblins
  9 jackals
  4 kobolds
  2 quokkas
  A bat (D:3)
  2 frilled lizards
  11 rats
72 creatures vanquished.

Notes
Turn   | Place    | Note
-------+----------+-------------------------------------------
     0 | D:1      | qw the Gargoyle Fighter began the quest for the Orb.
     0 | D:1      | Reached XP level 1. HP: 14/14 MP: 1/1
     0 | D:1      | 0 ||| qw: Version: 0.3-a-24-ga2abf7b
     0 | D:1      | 0 ||| qw: Game counter: 6982
     0 | D:1      | 0 ||| qw: Melee chars always use a shield: true
     0 | D:1      | 0 ||| qw: God list: Okawaru
     0 | D:1      | 0 ||| qw: Allow faded altars: false
     0 | D:1      | 0 ||| qw: Do Orc after clearing Dungeon:15 true
     0 | D:1      | 0 ||| qw: Do second Lair branch before Depths: true
     0 | D:1      | 0 ||| qw: Lair rune preference: random
     0 | D:1      | 0 ||| qw: Goals: Normal, Zot:1-4, Slime:5, God:TSO, Crypt,
                  | Tomb, Abyss, Pan, Hells, Win
     0 | D:1      | 0 ||| PLANNING D:1-11
    80 | D:1      | Reached skill level 2 in Axes
   172 | D:1      | Reached XP level 2. HP: 18/19 MP: 2/2
   536 | D:1      | Found a faded altar of an unknown god.
   601 | D:1      | 601 ||| UPGRADING to +0 cloak.
   606 | D:1      | 606 ||| READING scroll labelled SULAEN MASHOU.
   607 | D:1      | 607 ||| READING scroll labelled ZALAIT CIOVIJ.
   608 | D:1      | 608 ||| READING scroll labelled OCVATY GENEU.
   609 | D:1      | 609 ||| READING scroll labelled TEOHOH MIGADU.
   610 | D:1      | 610 ||| READING scroll labelled KEITOI QATE.
   611 | D:1      | 611 ||| DRINKING 2 golden potions.
   715 | D:1      | 715 ||| DROPPING potion of berserk rage.
   739 | D:2      | 739 ||| Stepping ~*~*~tactically~*~*~ (stealth).
   747 | D:2      | Reached skill level 3 in Axes
   802 | D:2      | Reached XP level 3. HP: 22/23 MP: 3/3
   909 | D:2      | 909 ||| Stepping ~*~*~tactically~*~*~ (stealth).
  1158 | D:2      | Noticed Natasha
  1159 | D:2      | 1159 ||| Stepping ~*~*~tactically~*~*~ (hiding).
  1169 | D:2      | Killed Natasha
  1170 | D:2      | Reached skill level 4 in Axes
  1170 | D:2      | Reached XP level 4. HP: 22/28 MP: 4/4
  1308 | D:2      | Noticed Natasha
  1319 | D:2      | Killed Natasha
  1341 | D:2      | 1341 ||| DROPPING +0 club.
  1479 | D:2      | 1479 ||| UPGRADING to +1 cloak.
  1489 | D:2      | 1489 ||| DROPPING +0 cloak.
  1490 | D:2      | 1490 ||| UPGRADING to scarf of resistance.
  1500 | D:2      | 1500 ||| UPGRADING to amulet of guardian spirit.
  1505 | D:2      | 1505 ||| READING scroll labelled SYOBER GEUVVEZ.
  1506 | D:2      | 1506 ||| READING scroll labelled KYIC WUFACETHRI.
  1507 | D:2      | 1507 ||| READING 3 scrolls of identify.
  1507 | D:2      | 1507 ||| IDENTIFYING smoky inky potion
  1508 | D:2      | 1508 ||| READING 2 scrolls of identify.
  1508 | D:2      | 1508 ||| IDENTIFYING sapphire potion
  1660 | D:3      | Reached XP level 5. HP: 21/32 MP: 3/5
  1761 | D:3      | 1761 ||| DROPPING +0 mace.
  1792 | D:3      | 1792 ||| Stepping ~*~*~tactically~*~*~ (stealth).
  1793 | D:3      | 1793 ||| Stepping ~*~*~tactically~*~*~ (stealth).
  1873 | D:3      | Reached skill level 5 in Axes
  1882 | D:3      | 1882 ||| DRINKING potion of curing.
  1882 | D:3      | 1882 ||| (to cure confusion)
  1894 | D:3      | 1894 ||| FLEEEEING.
  1895 | D:3      | 1895 ||| FLEEEEING.
  1896 | D:3      | 1896 ||| FLEEEEING.
  1897 | D:3      | 1897 ||| FLEEEEING.
  1898 | D:3      | 1898 ||| FLEEEEING.
  1899 | D:3      | 1899 ||| FLEEEEING.
  1900 | D:3      | 1900 ||| FLEEEEING.
  1901 | D:3      | 1901 ||| FLEEEEING.
  1902 | D:3      | 1902 ||| FLEEEEING.
  1903 | D:3      | 1903 ||| FLEEEEING.
  1904 | D:3      | 1904 ||| FLEEEEING.
  1905 | D:3      | 1905 ||| FLEEEEING.
  1906 | D:3      | 1906 ||| FLEEEEING.
  1907 | D:3      | 1907 ||| FLEEEEING.
  1908 | D:3      | 1908 ||| FLEEEEING.
  1909 | D:3      | 1909 ||| FLEEEEING.
  1910 | D:3      | 1910 ||| FLEEEEING.
  1911 | D:3      | 1911 ||| FLEEEEING.
  1912 | D:3      | 1912 ||| FLEEEEING.
  1913 | D:3      | 1913 ||| FLEEEEING.
  1954 | D:3      | 1954 ||| DROPPING +2 heavy mace.
  2306 | D:3      | 2306 ||| UPGRADING to +0 plate armour.
  2316 | D:3      | 2316 ||| DROPPING +0 scale mail.
  2317 | D:3      | 2317 ||| UPGRADING to +2 pair of gloves of hurling.
  2322 | D:3      | 2322 ||| UPGRADING to ring of willpower.
  2323 | D:3      | 2323 ||| READING scroll labelled ILYWA MUENATUD.
  2381 | D:4      | Reached XP level 6. HP: 23/38 MP: 4/6
  2536 | D:4      | Reached skill level 6 in Axes
  2610 | D:4      | HP: 3/38 [ogre/+0 giant spiked club (15)]
  2611 | D:4      | HP: 1/38 [ogre/+0 giant spiked club (3)]
  2615 | D:4      | Mangled by an ogre

Levels and vault maps discovered:
D:1:      dpeg_arrival_round_c, layout_basic,
          shapermc_ecumenical_altar_notcrosses
D:2:      layout_loops_ring, uniq_natasha
D:3:      layout_basic, kennysheep_generic_room_16
D:4:      layout_basic, st_stairs_1

Skill      XL: |  1  2  3  4  5  6 |
---------------+-------------------+-----
Axes           | 2 3 4 5 6 |  6.1
Fighting       | 4 |  4.0
Armour         | |  3.3
Dodging        | |  0.1
Shields        | |  3.2

Action                     |  1- 3 |  4- 6 || total
---------------------------+-------+-------++-------
  Melee: War axe           |    81 |   116 ||   197
    Use: Scroll            |     5 |     5 ||    10
         Potion            |     1 |     1 ||     2
 Armour: Scale mail        |    35 |    54 ||    89
         Plate armour      |       |    22 ||    22
  Dodge: Dodged            |    33 |    48 ||    81
  Block: Buckler           |     8 |    27 ||    35

Table legend:
 A = Non-vault XP
 B = Vault XP
 C = Vault XP percentage of total XP
 D = Non-vault monster count
 E = Vault monster count
 F = Vault count percentage of total count
                 A         B        C        D         E       F
            +---------+---------+-------+---------+---------+-------
      Total |     469 |      87 |  15.6 |      65 |       7 |   9.7
            +---------+---------+-------+---------+---------+-------
        D:1 |      29 |       0 |   0.0 |      19 |       0 |   0.0
        D:2 |      82 |      36 |  30.5 |      13 |       1 |   7.1
        D:3 |     140 |       6 |   4.1 |      23 |       4 |  14.8
        D:4 |     218 |      45 |  17.1 |      10 |       2 |  16.7
            +---------+---------+-------+---------+---------+-------
